 Dungeon Crawl Stone Soup version 0.29-a0-330-g52719c12eb (webtiles) character file.

Game seed: 1788435450757392498

81 Argons the Ruffian (level 4, -2/38 HPs)
             Began as a Naga Transmuter on Apr 17, 2022.
             Slain by an orc wizard
             ... wielding a +0 dagger
              (4 damage)
             ... on level 3 of the Dungeon.
             The game lasted 00:11:04 (2609 turns).

Argons the Ruffian (Naga Transmuter)                Turns: 2609, Time: 00:11:05

Health: -2/38      AC:  3    Str: 15    XL:     4   Next: 42%
Magic:  7/7        EV:  9    Int: 13    God:
Gold:   133        SH:  0    Dex: 11    Spells: 3/7 levels left

rFire   . . .      SeeInvis +     - Unarmed
rCold   . . .      Faith    .   (no shield)
rNeg    . . .      Spirit   .   a - +0 robe
rPois   +          Reflect  .   (no helmet)
rElec   .          Harm     .   i - +0 cloak
rCorr   .          Rampage  .   (no gloves)
Will    .....                   (no barding)
Stlth   +.........              (no amulet)
HPRegen 0.12/turn               (no ring)
MPRegen 0.10/turn               (no ring)

@: very slow
A: AC +1, large, see invisible, deformed body, poison resistance, slowness 2,
spit poison 1, naga tail 1
a: Spit Poison


You were on level 3 of the Dungeon.
You visited 1 branch of the dungeon, and saw 3 of its levels.

You collected 133 gold pieces.

Inventory:

Armour
 a - a +0 robe (worn)
 i - a +0 cloak (worn)
Scrolls
 c - 3 scrolls of identify
 d - a scroll of blinking
 e - a scroll of vulnerability
 g - 2 scrolls of fear {unknown}
Potions
 b - a potion of lignification
 f - a potion of might {unknown}
 h - a potion of heal wounds {unknown}


   Skills:
 - Level 1.0 Fighting
 - Level 1.5 Dodging
 + Level 4.1 Unarmed Combat
 - Level 2.0 Spellcasting
 + Level 3.4 Transmutations
 + Level 0.6 Poison Magic


You had 3 spell levels left.
You knew the following spells:

 Your Spells              Type           Power      Damage    Failure   Level
a - Beastly Appendage     Tmut           20%        N/A       6%          1
b - Spider Form           Tmut/Pois      6%         N/A       32%         3

Your spell library contained the following spells:

 Spells                   Type           Power      Damage    Failure   Level
 Wereblood                Tmut           10%        N/A       10%         2
 Ice Form                 Ice/Tmut       5%         N/A       77%         4
 Malign Gateway           Summ/Tloc      0%         N/A       100%        7
 Summon Horrible Things   Summ           0%         N/A       100%        8


Dungeon Overview and Level Annotations

Branches:
Dungeon (3/15)

Altars:
Yredelemnul


Innate Abilities, Weirdness & Mutations

Your serpentine skin is tough. (AC +1)
You have supernaturally acute eyesight. (SInv)
Armour fits poorly on your strangely shaped body.
Your system is resistant to poisons. (rPois)
You cover ground very slowly.
You can spit poison.
You have a snake-like lower body.


Message History

The orc wizard hits you but does no damage.
The orc throws a boomerang.
The boomerang barely misses the orc wizard.
The boomerang hits you.
* * * LOW HITPOINT WARNING * * *
Aiming: Spit Poison (1% risk of failure)
Press: ? - help, Shift-Dir - straight line, f/p - orc
Aim: an orc, wielding a +0 falchion and wearing a +0 ring mail (heavily wounded, 65% to hit)
The splash of poison misses the orc wizard.
The splash of poison hits the orc!
The orc is poisoned.
You kill the orc!
The orc wizard barely misses you.
You hit the orc wizard but do no damage.
You headbutt the orc wizard, but do no damage.
The orc wizard is lightly wounded.
The orc wizard hits you but does no damage.
You closely miss the orc wizard. You headbutt the orc wizard.
The orc wizard is moderately wounded.
The orc wizard barely misses you.
The orc throws a boomerang.
The boomerang closely misses the orc wizard.
The boomerang hits you.
* * * LOW HITPOINT WARNING * * *
You miss the orc wizard.
The orc wizard is moderately wounded.
The orc wizard barely misses you.
You hit the orc wizard.
The orc wizard is severely wounded.
Your horns disappear.
The orc wizard hits you with a +0 dagger.
* * * LOW HITPOINT WARNING * * *
You closely miss the orc wizard.
The orc wizard is severely wounded.
The orc wizard hits you with a +0 dagger.
* * * LOW HITPOINT WARNING * * *
You can't do that yet.
You hit the orc wizard.
The orc wizard is almost dead.
You have got your breath back.
The orc wizard hits you with a +0 dagger.
You die...

.. ..?....... ...
#......... .... #.......#
....##.......#############
#....#....................
#.............#.......####
#.......)...o.#.#####.#
.#)###'#.#.# #.#
#oo@#.#.#.# #.#
#.###.#.#.# #.# #.#
#.#.#.# #.# #.# #.#...#
#†# #.###.##### #.#
#.........# #.#
#####.###.# #.# #|# #.#
#.# #.# #.# #.#


You could see an orc wizard (invisible) and an orc.

Vanquished Creatures
  An iguana (D:2)
  2 dart slugs
  3 orcs (D:3)
  4 ball pythons
  3 endoplasms
  4 giant cockroaches
  5 goblins
  4 hobgoblins
  2 kobolds
  3 quokkas
  4 bats
  6 frilled lizards
  5 rats
46 creatures vanquished.

Notes
Turn   | Place    | Note
-------+----------+-------------------------------------------
     0 | D:1      | Argons the Naga Transmuter began the quest for the Orb.
     0 | D:1      | Reached XP level 1. HP: 18/18 MP: 3/3
   406 | D:1      | Reached XP level 2. HP: 25/25 MP: 3/5
  1068 | D:1      | Found a faded altar of an unknown god.
  1462 | D:2      | Found a basalt altar of Yredelemnul.
  1488 | D:2      | Reached XP level 3. HP: 31/31 MP: 6/6
  1515 | D:2      | Identified the +6 short sword of the Crawling Thing {flame,
                  | rC+}
  1940 | D:2      | Reached skill level 4 in Unarmed Combat
  1940 | D:2      | Reached XP level 4. HP: 38/38 MP: 7/7
  2307 | D:2      | Learned a level 3 spell: Spider Form
  2609 | D:3      | Slain by an orc wizard

Illustrated notes

Levels and vault maps discovered:
D:1:      evilmike_arrival_crescent, layout_rooms,
          shapermc_ecumenical_altar_venn
D:2:      layout_basic, basic_altar
D:3:      layout_basic

Skill      XL: |  1  2  3 |
---------------+----------+-----
Transmutations | 3 |  3.4
Unarmed Combat | 4 |  4.1
Fighting       | |  1.0
Dodging        | |  1.5
Spellcasting   | |  2.0
Poison Magic   | |  0.6

Action                   |  1- 3 |  4- 6 || total
-------------------------+-------+-------++-------
Melee: Unarmed           |    95 |    50 ||   145
       Headbutt          |     8 |     3 ||    11
       Punch             |       |     1 ||     1
 Cast: Beastly Appendage |     9 |     2 ||    11
 Abil: Spit Poison       |    13 |    15 ||    28
  Use: Scroll            |     2 |       ||     2
 Stab: Sleeping          |     2 |       ||     2
Armor: Robe              |    21 |    15 ||    36
Dodge: Dodged            |    42 |    20 ||    62

Table legend: (Time is in decaauts)
 A = Elapsed time spent in this place.
 B = Non-inter-level travel time spent in this place.
 C = Inter-level travel time spent in this place.
 D = Time resting spent in this place.
 E = Time spent auto-exploring this place.
 F = Levels seen in this place.
 G = Mean time per level.
                   A        B        C        D        E       F      G
               +--------+--------+--------+--------+--------+-----+--------+
         Total |   3220 |   2994 |    226 |    809 |    508 |   3 | 1073.3 |
       Dungeon |   3220 |   2994 |    226 |    809 |    508 |   3 | 1073.3 |
               +--------+--------+--------+--------+--------+-----+--------+

Top non-repeatable levels by time:
     D:1: 1503 daAuts
     D:2: 1422 daAuts
     D:3: 294 daAuts
